 Dungeon Crawl Stone Soup version 0.29.0-11-gd7f09526c8 (webtiles) character file.

Game seed: 12932164098286026025

10542 sanka the Impaler (level 11, 0/84 HPs)
             Began as a Merfolk Berserker on Sept 6, 2022.
             Was a High Priest of Trog.
             Killed from afar by Lodul (19 damage)
             ... with a bolt of lightning
             ... on level 10 of the Dungeon.
             The game lasted 00:17:31 (10585 turns).

sanka the Impaler (Merfolk Berserker)              Turns: 10585, Time: 00:17:32

Health: 0/84       AC: 27    Str: 25    XL:     11   Next: 63%
Magic:  11/11      EV:  9    Int:  6    God:    Trog [*****.]
Gold:   134        SH:  0    Dex: 14    Spells: 10/10 levels left

rFire   + . .      SeeInvis .   a - +0 bardiche
rCold   + . .      Faith    +   (shield currently unavailable)
rNeg    + . .      Spirit   .   H - +10 plate armour of an ice cave {rF+ Str+3}
rPois   +          Reflect  .   O - +0 hat {Stlth+}
rElec   .          Harm     .   i - +0 cloak
rCorr   .          Rampage  .   (no gloves)
Will    .....                   f - +3 pair of mountain boots {steadfast, rC+}
Stlth   ..........              m - amulet of faith
HPRegen 0.24/turn               I - ring of poison resistance
MPRegen 0.12/turn               b - ring of positive energy

@: studying Fighting
A: (nimble swimmer 2), mertail
a: Renounce Religion, Berserk, Trog's Hand, Brothers in Arms


You were on level 10 of the Dungeon.
You worshipped Trog.
Trog was extremely pleased with you.
You visited 1 branch of the dungeon, and saw 10 of its levels.

You collected 498 gold pieces.
You spent 364 gold pieces at shops.


Innate Abilities, Weirdness & Mutations

((You are very nimble when in or above water. (Stealth+, EV+, Speed+++)))
Your lower body shifts to a powerful aquatic tail in water.


   Skills:
 - Level 7.5 Fighting
 + Level 20.2 Polearms
 - Level 3.9 Armour
 - Level 6.9 Dodging


You had 10 spell levels left.
You didn't know any spells.
Your spell library was empty.

Inventory:

Hand Weapons
 a - a +0 bardiche (weapon)
 C - a +0 trident
 D - the +6 shillelagh "Devastator" {shatter}

   It releases a powerful concussive burst when it strikes, dealing extra damage
   to the target and all other foes adjacent to them.
Missiles
 j - a throwing net {=f}
 K - a curare-tipped dart (quivered) {=f}
Armour
 f - the +3 pair of mountain boots (worn) {steadfast, rC+}

   It prevents involuntary movement, except for blinking, teleportation, or
   banishment.
   rC:        It protects you from cold.
 i - a +0 cloak (worn)
 H - the +10 plate armour of an ice cave (worn) {rF+ Str+3}

   Str:       It affects your strength (+3).
   rF:        It protects you from fire.
 O - a +0 hat of stealth (worn)
Jewellery
 b - a ring of positive energy (right hand)
 k - a ring of fire
 m - an amulet of faith (around neck)
 y - an amulet of reflection
 I - a ring of poison resistance (left hand)
 S - a ring of protection from cold
Wands
 B - a wand of flame (13)
 G - a wand of mindburst (11)
 Q - a wand of roots (7)
 T - a wand of polymorph (4)
 U - a wand of acid (5)
Scrolls
 d - 3 scrolls of noise {!r}
 g - a scroll of summoning {unknown}
 l - 4 scrolls of teleportation {@r4}
 p - a scroll of brand weapon {unknown}
 q - 4 scrolls of enchant weapon
 s - a scroll of silence {unknown}
 v - 3 scrolls of vulnerability {!r}
 w - a scroll of enchant armour {unknown}
 z - a scroll of fear
 A - 2 scrolls of blinking
 N - 2 scrolls of immolation {!r}
 P - a scroll of torment {unknown}
 R - a scroll of poison {unknown}
Potions
 c - a potion of attraction {unknown}
 e - a potion of mutation {unknown}
 h - 2 potions of flight {unknown}
 n - 5 potions of brilliance {unknown}
 o - 4 potions of might
 r - a potion of magic {unknown}
 t - 4 potions of heal wounds {@q2}
 u - 6 potions of curing {@q1}
 x - a potion of degeneration {unknown}
 E - a potion of haste {@q3}
 F - a potion of ambrosia {unknown}
 J - a potion of lignification {unknown}
 L - a potion of berserk rage {!q}
 M - a potion of cancellation
 V - a potion of resistance {unknown}

Dungeon Overview and Level Annotations

Branches:
Dungeon (10/15)            Temple (0/1) D:5            Lair (0/5) D:8
    Orc: D:9-12

Altars:
Ashenzari
Xom
The Shining One

Shops:
D:2 *   D:4 (!   D:5 (   D:6 !   D:9 *

Annotations:
D:10 Lodul, Psyche

.....................
...O.O................
...OO.................
......................
......................
.......D..............
......................
............))........
...........m▒)..▒▒▒▒▒
............▒.)....▒
~...........▒.....<▒
~...........▒......▒
≈...........▒......▒
~........▒▒▒▒▒▒▒▒▒▒▒▒▒▒▒▒▒▒▒
......... ....T.......
......... ............
......... ............


You could see Lodul, an acid dragon and an ogre (wandering).


Message History

Trog accepts your kill.
Trog appreciates your killing of a magic user.
Reactivating autopickup.
You feel a bit more experienced.
Things that are here:
a +0 dagger; a +0 robe; an orc corpse You see here a +0 dagger.
Items here: )) [ ††.
An acid dragon comes into view.
The acid dragon roars!
The acid dragon spits acid at you. The splash of acid hits you!
You hear a shout!
Lodul the Thundrous comes into view.
He is wielding a +0 dire flail and carrying a wand of digging (2).
Lodul shouts!
The acid dragon spits acid at you. The splash of acid hits you!
* * * LOW HITPOINT WARNING * * *
An ogre comes into view. It is wielding a +0 giant club.
An ogre comes into view. It is wielding a +0 giant club.
The ogre shouts!
You hear a shout!
Electricity crackles from Lodul's apparatus.
The bolt of lightning hits you!!
* * * LOW HITPOINT WARNING * * *
An ogre comes into view. It is wielding a +0 giant spiked club.
An ogre comes into view. It is wielding a +0 giant club.
Electricity crackles from Lodul's apparatus.
The bolt of lightning hits you!!
You die...

Action                   |  1- 3 |  4- 6 |  7- 9 | 10-12 || total
-------------------------+-------+-------+-------+-------++-------
Melee: Spear             |   136 |    34 |       |       ||   170
       Trident           |       |    86 |   185 |       ||   271
       Punch             |       |       |     3 |       ||     3
       Halberd           |       |       |   189 |   254 ||   443
       Bardiche          |       |       |       |    35 ||    35
Throw: Dart              |       |       |       |     1 ||     1
Invok: Berserk           |       |     1 |     6 |     7 ||    14
       Trog's Hand       |       |     1 |       |       ||     1
  Use: Scroll            |       |       |    11 |     1 ||    12
 Stab: Sleeping          |     2 |       |       |       ||     2
       Distracted        |       |       |     1 |       ||     1
Armor: Animal skin       |     8 |       |       |       ||     8
       Plate armour      |    42 |    47 |   151 |   120 ||   360
Dodge: Dodged            |    40 |    16 |    98 |    66 ||   220

Levels and vault maps discovered:
D:1:      dpeg_arrival_pond, layout_basic, shapermc_ecumenical_altar_mp_vishouse
D:2:      layout_basic, serial_shops, shop, basic_altar
D:3:      layout_loops_corners, nicolae_ashenzari_panopticon
D:4:      layout_loops_ring, serial_shops, shop, hangedman_decor_push,
          nicolae_shop_firing_range, uniq_grinder
D:5:      layout_loops_ring, minmay_temple_entry_offerings, serial_shops,
          nicolae_take_the_stairs, grunt_ministairs_9, minivault_1,
          serial_bayou_pond_d
D:6:      layout_cave_pods, old_standard_altar, serial_shops,
          nicolae_shop_statue_plus, dk_vineyard_1,
          dilly_guarded_unrand_devastator, uniq_edmund
D:7:      layout_rooms
D:8:      nzn_winding_woodlands_small [nzn_winding_woodlands_5x15_cabin,
          nzn_winding_woodlands_center_garden,
          nzn_winding_woodlands_5x15_jagged], layout_loops_corners,
          lair_entry_dummy, glass_columns_a, uniq_pikel, uniq_amaemon,
          uniq_maggie, uniq_gastronok
D:9:      layout_layer_cave, serial_shops, shop, serial_park_tiny_2
D:10:     layout_grid_maze, grunt_temple_overflow_forces_of_nature,
          enter_bailey_3, kennysheep_path_1, uniq_psyche, uniq_lodul,
          uniq_erolcha

Notes
Turn   | Place    | Note
-------+----------+-------------------------------------------
     0 | D:1      | sanka the Merfolk Berserker began the quest for the Orb.
     0 | D:1      | Reached XP level 1. HP: 18/18 MP: 1/1
   112 | D:1      | Reached XP level 2. HP: 24/24 MP: 2/2
   211 | D:1      | Reached skill level 5 in Polearms
   588 | D:1      | Found a faded altar of an unknown god.
   809 | D:2      | Reached ** piety under Trog
   810 | D:2      | Reached XP level 3. HP: 28/29 MP: 3/3
   910 | D:2      | Reached skill level 6 in Polearms
  1096 | D:2      | Reached XP level 4. HP: 35/35 MP: 4/4
  1283 | D:2      | Reached skill level 7 in Polearms
  1309 | D:2      | Found a shimmering altar of Xom.
  1400 | D:2      | Found Gejeosuu's Assorted Antiques.
  1794 | D:3      | Found a broken altar of Ashenzari.
  1926 | D:3      | Reached XP level 5. HP: 40/40 MP: 5/5
  1941 | D:3      | Noticed a black bear
  1951 | D:3      | Killed a black bear
  1952 | D:3      | Reached skill level 8 in Polearms
  2209 | D:3      | Reached XP level 6. HP: 43/47 MP: 6/6
  2211 | D:3      | Reached *** piety under Trog
  2603 | D:4      | Noticed Grinder
  2609 | D:4      | Found Fuyts's Distillery.
  2628 | D:4      | Killed Grinder
  2629 | D:4      | Reached skill level 10 in Polearms
  2629 | D:4      | Reached XP level 7. HP: 38/52 MP: 7/7
  2714 | D:4      | Bought a potion of heal wounds for 70 gold pieces
  2714 | D:4      | Bought a potion of curing for 42 gold pieces
  3006 | D:4      | Reached skill level 11 in Polearms
  3359 | D:4      | Found Fookhliw's Firing Range.
  3567 | D:4      | Identified a scroll of acquirement
  3568 | D:4      | Acquired the +3 pair of mountain boots {steadfast, rC+}
  3568 | D:4      | Found the +3 pair of mountain boots {steadfast, rC+}
  3635 | D:5      | Entered Level 5 of the Dungeon
  3857 | D:5      | Reached skill level 12 in Polearms
  3857 | D:5      | Reached XP level 8. HP: 37/58 MP: 8/8
  4005 | D:5      | Found Tasoatar's Antique Weapon Emporium.
  4205 | D:5      | Reached skill level 13 in Polearms
  4576 | D:5      | Found a staircase to the Ecumenical Temple.
  4732 | D:6      | Noticed Edmund
  4758 | D:6      | Killed Edmund
  4817 | D:6      | Reached skill level 14 in Polearms
  4820 | D:6      | Reached skill level 3 in Dodging
  5213 | D:6      | Found the +6 shillelagh "Devastator" {shatter}
  5215 | D:6      | Found Onnuwnun's Distillery.
  5233 | D:6      | Reached **** piety under Trog
  5254 | D:6      | Reached skill level 2 in Armour
  5254 | D:6      | Reached XP level 9. HP: 61/65 MP: 9/9
  5261 | D:6      | Reached skill level 4 in Fighting
  5302 | D:6      | Bought a potion of haste for 140 gold pieces
  5315 | D:6      | Reached skill level 4 in Dodging
  5723 | D:6      | Found a glowing golden altar of the Shining One.
  5938 | D:6      | Acquired a manual of Fighting
  6243 | D:7      | Reached skill level 5 in Fighting
  6243 | D:7      | Reached skill level 5 in Dodging
  6440 | D:7      | Reached skill level 3 in Armour
  6750 | D:7      | Reached skill level 6 in Fighting
  6829 | D:7      | Identified the +1 leather armour "Jasem" {Drain rN++ rCorr
                  | Stlth+}
  7046 | D:7      | Reached skill level 6 in Dodging
  7099 | D:7      | Identified the +10 plate armour of an ice cave {rF+ Str+3}
  7266 | D:8      | Reached skill level 7 in Fighting
  7266 | D:8      | Reached XP level 10. HP: 75/79 MP: 10/10
  7268 | D:8      | Reached skill level 15 in Polearms
  7722 | D:6      | Bought a potion of cancellation for 112 gold pieces
  7781 | D:8      | Noticed Pikel
  7791 | D:8      | Killed Pikel
  7860 | D:8      | Noticed a two-headed ogre
  7871 | D:8      | Killed a two-headed ogre
  7872 | D:8      | Reached skill level 16 in Polearms
  8203 | D:8      | Noticed a two-headed ogre
  8226 | D:8      | Killed a two-headed ogre
  8227 | D:8      | Reached skill level 17 in Polearms
  8393 | D:8      | Found a staircase to the Lair.
  8418 | D:8      | Noticed Gastronok
  8459 | D:8      | Killed Gastronok
  8460 | D:8      | Reached skill level 18 in Polearms
  8460 | D:8      | Reached XP level 11. HP: 84/84 MP: 11/11
  8631 | D:8      | Noticed a two-headed ogre
  8637 | D:8      | Killed a two-headed ogre
  8683 | D:8      | Identified +0 steam dragon scales
  8683 | D:8      | Noticed Maggie
  8697 | D:8      | Killed Maggie
  8797 | D:8      | Reached skill level 19 in Polearms
  8972 | D:8      | Identified +0 steam dragon scales
  8975 | D:8      | Noticed Amaemon
  8990 | D:8      | Killed Amaemon
  9317 | D:9      | Identified +0 acid dragon scales
  9704 | D:9      | Reached skill level 20 in Polearms
  9928 | D:9      | Reached ***** piety under Trog
 10243 | D:9      | Found Ben Cigoa's General Store.
 10503 | D:10     | Entered Level 10 of the Dungeon
 10513 | D:10     | Noticed Psyche
 10581 | D:10     | Noticed Lodul
 10585 | D:10     | Killed from afar by Lodul

Vanquished Creatures
  Gastronok (D:8)
  3 two-headed ogres (D:8)
  Amaemon (D:8)
  Pikel (D:8)
  An orange demon (D:8)
  Maggie (D:8)
  Grinder (D:4)
  4 yaks (D:9)
  A wyvern (D:8)
  2 steam dragons (D:8)
  Edmund (D:6)
  5 water moccasins
  An acid dragon (D:9)
  A black bear (D:3)
  3 orc warriors
  5 ogres
  4 ice beasts
  3 centaurs
  A phantom (D:6)
  3 lemures (D:8)
  A kobold brigand (D:8)
  2 bullfrogs (D:8)
  2 gnoll sergeants
  A scorpion (D:6)
  21 wights
  6 killer bees (D:7)
  4 howler monkeys
  4 hounds
  2 jellies
  5 orc priests
  3 iguanas
  8 orc wizards
  4 gnolls (D:9)
  11 adders
  A shadow imp (D:6)
  4 white imps
  3 worms
  2 dart slugs
  35 orcs
  7 bats
  4 endoplasms (D:1)
  3 giant cockroaches
  3 goblins
  8 hobgoblins
  5 kobolds
  A quokka (D:3)
  10 ball pythons
  6 frilled lizards
  4 rats (D:3)
213 creatures vanquished.

Vanquished Creatures (others)
  An orc (D:8)
  8 plants (D:8)
9 creatures vanquished.

Grand Total: 222 creatures vanquished
